 Dungeon Crawl Stone Soup version 0.28-a0-32-g8dfe7f97f6 (webtiles) character file.

Game seed: 14786356182011015592

107 Zonian the Insei (level 4, 0/34 HPs)
             Began as a Gnoll Transmuter on July 28, 2021.
             Slain by Robin (9 damage)
             ... on level 3 of the Dungeon.
             The game lasted 00:04:57 (3011 turns).

Zonian the Insei (Gnoll Transmuter)                 Turns: 3011, Time: 00:04:58

Health: 0/34       AC:  2    Str:  9    XL:     4   Next: 86%
Magic:  11/11      EV: 13    Int: 13    God:
Gold:   93         SH:  0    Dex: 13    Spells: 10/13 levels left

rFire   . . .      SeeInvis .   c - +1 dagger
rCold   + . .      Faith    .   (no shield)
rNeg    . . .      Spirit   .   a - +0 robe
rPois   .          Reflect  .   (helmet currently unavailable)
rElec   .          Harm     .   (no cloak)
rCorr   .          Rampage  .   (no gloves)
Will    .....                   (boots currently unavailable)
Stlth   ++........              (no amulet)
HPRegen 0.11/turn               e - ring of protection from cold
MPRegen 0.12/turn               (no ring)

@: appendages
A: horns 2, talons 2, fangs 1, strong nose, distributed training
a: End Transformation


You were on level 3 of the Dungeon.
You had temporarily grown beastly horns and talons.
You visited 1 branch of the dungeon, and saw 3 of its levels.

You collected 93 gold pieces.

Inventory:

Hand Weapons
 c - a +1 dagger (weapon)
Armour
 a - a +0 robe (worn)
Jewellery
 e - a ring of protection from cold (left hand)
Scrolls
 f - a scroll of vulnerability


   Skills:
 + Level 2.8 Fighting
 + Level 1.2 Short Blades
 + Level 1.2 Long Blades
 + Level 1.2 Axes
 + Level 1.2 Maces & Flails
 + Level 1.2 Polearms
 + Level 1.2 Staves
 + Level 1.2 Slings
 + Level 1.2 Bows
 + Level 1.2 Crossbows
 + Level 1.2 Throwing
 + Level 1.2 Armour
 + Level 4.7 Dodging
 + Level 1.2 Stealth
 + Level 1.2 Shields
 + Level 6.6 Unarmed Combat
 + Level 5.1 Spellcasting
 + Level 1.0 Conjurations
 + Level 1.0 Hexes
 + Level 1.0 Summonings
 + Level 1.0 Necromancy
 + Level 1.0 Translocations
 + Level 3.9 Transmutations
 + Level 1.0 Fire Magic
 + Level 1.0 Ice Magic
 + Level 1.0 Air Magic
 + Level 1.0 Earth Magic
 + Level 1.0 Poison Magic
 + Level 1.4 Invocations
 + Level 1.2 Evocations


You had 10 spell levels left.
You knew the following spells:

 Your Spells              Type           Power      Damage    Failure   Level
a - Beastly Appendage     Tmut           26%        N/A       3%          1
b - Wereblood             Tmut           13%        N/A       5%          2

Your spell library contained the following spells:

 Spells                   Type           Power      Damage    Failure   Level
 Spider Form              Tmut/Pois      4%         N/A       21%         3
 Ice Form                 Ice/Tmut       9%         N/A       54%         4
 Conjure Ball Lightning   Conj/Air       3%         3x3d6     100%        6
 Discord                  Hex            3%         N/A       100%        8
 Disjunction              Tloc           3%         N/A       100%        8


Dungeon Overview and Level Annotations

Branches:
Dungeon (3/15)

Altars:
Trog

Annotations:
D:2 Terence
D:3 Robin


Innate Abilities, Weirdness & Mutations

You have temporarily grown beastly horns and talons.
You have very sharp teeth.
Your uncanny sense of smell can sniff out nearby items.
Your experience applies equally to all skills.


Message History

You hit the goblin. You claw the goblin.
You kill the goblin!
You hit the hobgoblin.
You claw the hobgoblin, but do no damage.
The hobgoblin is heavily wounded.
You hit the hobgoblin.
You headbutt the hobgoblin, but do no damage.
The hobgoblin is almost dead.
The hobgoblin hits you.
You hit the hobgoblin.
You kill the hobgoblin!
The jackal bites you but does no damage.
You completely miss the jackal. The jackal completely misses you.
You hit the jackal. You claw the jackal, but do no damage.
You headbutt the jackal.
You kill the jackal!
Things that are here:
a +0 club; a jackal corpse; a hobgoblin corpse A goblin comes into view.
It is wielding a +0 dagger.
You aren't carrying any potions.
Okay, then.
Robin misses you.
Things that are here:
a +0 club; a jackal corpse; a hobgoblin corpse A hobgoblin comes into view.
Robin hits you with a +0 trident!
* * * LOW HITPOINT WARNING * * *
Unknown command.
The goblin shouts!
The hobgoblin shouts!
You hit Robin but do no damage. You claw Robin. You headbutt Robin.
Your bite misses Robin.
Robin is heavily wounded.
You hear a shout!
The goblin no longer looks unusually strong.
You hear a shout!
A goblin comes into view. It is wielding a +0 dagger.
The goblin shouts! x2
The goblin closely misses you.
Robin hits you from afar with a +0 trident!
You die...

. .. ... #########...#
#####..........# ####
#..g.g..†.....# #....
#.###....<.#..#
g..g..#####..gg@g.g....#
.#.#..h..)....g...#.....#
...g.#.####..g#.#†#...#.#
.#. #. #...#.#.#...# .# .
#. #...#.#.#...# .# #g
.........#...g [ ..
###8########.... .# ..# .
...#


You could see Robin, 2 hobgoblins and 4 goblins.

Vanquished Creatures
  A bullfrog zombie (D:3)
  2 adders (D:2)
  A dart slug (D:1)
  8 endoplasms
  3 giant cockroaches (D:1)
  4 goblins
  10 hobgoblins
  A jackal (D:3)
  5 kobolds
  A quokka (D:1)
  3 ball pythons
  3 bats (D:1)
  2 frilled lizards
  3 rats
47 creatures vanquished.

Notes
Turn   | Place    | Note
-------+----------+-------------------------------------------
     0 | D:1      | Zonian the Gnoll Transmuter began the quest for the Orb.
     0 | D:1      | Reached XP level 1. HP: 17/17 MP: 6/6
   271 | D:1      | Reached XP level 2. HP: 23/23 MP: 5/7
   630 | D:1      | Reached XP level 3. HP: 20/28 MP: 9/9
   839 | D:1      | Reached skill level 5 in Spellcasting
  1496 | D:2      | Reached skill level 1 in Invocations
  1889 | D:2      | Reached skill level 1 in Short Blades
  1889 | D:2      | Reached skill level 1 in Long Blades
  1889 | D:2      | Reached skill level 1 in Axes
  1889 | D:2      | Reached skill level 1 in Maces & Flails
  1889 | D:2      | Reached skill level 1 in Polearms
  1889 | D:2      | Reached skill level 1 in Staves
  1889 | D:2      | Reached skill level 1 in Slings
  1889 | D:2      | Reached skill level 1 in Bows
  1889 | D:2      | Reached skill level 1 in Crossbows
  1889 | D:2      | Reached skill level 1 in Throwing
  1889 | D:2      | Reached skill level 1 in Armour
  1889 | D:2      | Reached skill level 1 in Stealth
  1889 | D:2      | Reached skill level 1 in Shields
  1889 | D:2      | Reached skill level 1 in Evocations
  1949 | D:2      | Noticed Terence
  2391 | D:2      | Reached XP level 4. HP: 34/34 MP: 7/11
  2394 | D:2      | Learned a level 2 spell: Wereblood
  2760 | D:2      | Found a bloodstained altar of Trog.
  2953 | D:3      | Reached skill level 1 in Conjurations
  2953 | D:3      | Reached skill level 1 in Hexes
  2953 | D:3      | Reached skill level 1 in Summonings
  2953 | D:3      | Reached skill level 1 in Necromancy
  2953 | D:3      | Reached skill level 1 in Translocations
  2953 | D:3      | Reached skill level 1 in Fire Magic
  2953 | D:3      | Reached skill level 1 in Ice Magic
  2953 | D:3      | Reached skill level 1 in Air Magic
  2953 | D:3      | Reached skill level 1 in Earth Magic
  2953 | D:3      | Reached skill level 1 in Poison Magic
  2986 | D:3      | Noticed Robin
  3011 | D:3      | Slain by Robin

Illustrated notes

Levels and vault maps discovered:
D:1:      lemuel_arrival_hallway, layout_basic, minmay_liquid_box
D:2:      layout_loops_ring, basic_altar, uniq_terence
D:3:      layout_loops_ring, nicolae_hepliaklqana_monster_ancestors,
          nicolae_elyvilon_peaceful_grove, serial_glass, glass_columns_c,
          glass_columns_c, shapermc_ecumenical_altar_flowoftime,
          biasface_ghost_orc_armoury, grunt_decor_resistance,
          grunt_decor_mini_mirrors, uniq_robin, uniq_crazy_yiuf_cottage

Skill      XL: |  1  2  3  4 |
---------------+-------------+-----
Spellcasting   | 5 |  5.1
Invocations    | 1 |  1.4
Short Blades   | 1 |  1.2
Long Blades    | 1 |  1.2
Axes           | 1 |  1.2
Maces & Flails | 1 |  1.2
Polearms       | 1 |  1.2
Staves         | 1 |  1.2
Slings         | 1 |  1.2
Bows           | 1 |  1.2
Crossbows      | 1 |  1.2
Throwing       | 1 |  1.2
Armour         | 1 |  1.2
Stealth        | 1 |  1.2
Shields        | 1 |  1.2
Evocations     | 1 |  1.2
Conjurations   | 1 |  1.0
Hexes          | 1 |  1.0
Summonings     | 1 |  1.0
Necromancy     | 1 |  1.0
Translocations | 1 |  1.0
Fire Magic     | 1 |  1.0
Ice Magic      | 1 |  1.0
Air Magic      | 1 |  1.0
Earth Magic    | 1 |  1.0
Poison Magic   | 1 |  1.0
Fighting       | |  2.8
Dodging        | |  4.7
Unarmed Combat | |  6.6
Transmutations | |  3.9

Action                   |  1- 3 |  4- 6 || total
-------------------------+-------+-------++-------
Melee: Dagger            |   111 |    44 ||   155
       Kick              |    19 |    15 ||    34
       Bite              |    10 |     2 ||    12
       Unarmed           |     3 |       ||     3
       Headbutt          |    20 |    10 ||    30
       Punch             |       |     2 ||     2
 Cast: Beastly Appendage |    29 |     9 ||    38
  Use: Scroll            |       |     4 ||     4
 Stab: Sleeping          |     3 |       ||     3
Armor: Robe              |    14 |     7 ||    21
Dodge: Dodged            |    67 |    35 ||   102

Table legend: (Time is in decaauts)
 A = Elapsed time spent in this place.
 B = Non-inter-level travel time spent in this place.
 C = Inter-level travel time spent in this place.
 D = Time resting spent in this place.
 E = Time spent auto-exploring this place.
 F = Levels seen in this place.
 G = Mean time per level.
                   A        B        C        D        E       F      G
               +--------+--------+--------+--------+--------+-----+--------+
         Total |   3007 |   2920 |     87 |    956 |   1454 |   3 | 1002.3 |
       Dungeon |   3007 |   2920 |     87 |    956 |   1454 |   3 | 1002.3 |
               +--------+--------+--------+--------+--------+-----+--------+

Top non-repeatable levels by time:
     D:1: 1806 daAuts
     D:2: 1128 daAuts
     D:3: 71 daAuts
